Map: Deathaura LE

Players

DPGZest (Zest) - Winner!

  • Race: Protoss Protoss
  • League: Master
  • Spawn Location: 11:00

Zoun

  • Race: Protoss Protoss
  • League: Master
  • Spawn Location: 5:00

Event: StayAtHome Story Cup #3

VOD

Have the link to the VOD?

Description

Time

  • Played on: March 13, 2021, 7:14 a.m.
  • Length: 8:41

All games in this series

Show
View Real Time Build Order
Export as new Build Order

DPGZest Protoss - Winner!

Build Orders:  

Get SALT Encoding   

  12  0:00  Probe  
  13  0:12  Probe  
  14  0:17  Pylon  
  14  0:24  Probe  
  15  0:35  Forge  
  15  0:37  Probe  
  17  0:59  Pylon  
  17  1:01  Pylon  
  16  1:04  Pylon  
  16  1:19  Photon Cannon  
  16  1:34  Probe  
  17  1:47  Pylon  
  17  1:56  Probe  
  18  2:08  Probe  
  19  2:15  Nexus  
  19  2:16  Gateway  
  19  2:21  Assimilator  
  19  2:23  Assimilator  
  19  2:24  Probe (Chrono Boost)  
  20  2:35  Probe (Chrono Boost)  
  21  2:39  Probe (Chrono Boost)  
  22  2:50  Probe (Chrono Boost)  
  22  2:59  Probe (Chrono Boost)  
  22  3:01  Photon Cannon  
  22  3:04  Probe  
  23  3:05  Cybernetics Core  
  24  3:16  Probe  
  25  3:22  Pylon  
  25  3:29  Probe  
  25  3:31  Probe  
  27  3:38  Stalker (Chrono Boost)  
  27  3:42  Warp Gate  
  27  3:43  Stargate  
  27  3:46  Shield Battery  
  29  3:49  Shield Battery  
  31  3:59  Pylon  
  31  4:00  Stalker (Chrono Boost)  
  31  4:12  Probe x2  
  33  4:23  Stalker  
  34  4:24  Probe x2, Oracle (Chrono Boost)  
  40  4:31  Shield Battery  
  40  4:36  Probe x2  
  42  4:44  Twilight Council  
  42  4:48  Probe x2  
  44  5:00  Gateway  
  44  5:01  Gateway  
  44  5:03  Probe  
  44  5:04  Probe  
  46  5:09  Assimilator  
  46  5:11  Assimilator  
  46  5:17  Probe x2, Blink (Chrono Boost)  
  48  5:30  Probe x2  
  48  5:34  Pylon  
  48  5:35  Protoss Ground Weapons Level 1 (Chrono Boost)  
  50  5:36  Pylon  
  50  5:48  Pylon  
  50  5:55  Stalker x3  
  56  5:58  Probe x2  
  56  6:01  Pylon  
  58  6:10  Probe x2  
  60  6:15  Robotics Facility  
  60  6:18  Stalker x2  
  62  6:19  Stalker  
  66  6:30  Nexus  
  66  6:41  Stalker  
  66  6:42  Stalker x2  
  66  6:44  Probe x2  
  74  6:49  Pylon  
  74  7:03  Probe  
  74  7:05  Observer (Chrono Boost)  
  74  7:07  Stalker x3  
  82  7:12  Photon Cannon  
  82  7:13  Pylon  
  82  7:17  Photon Cannon  
  82  7:18  Warp Prism (Chrono Boost)  
  84  7:31  Sentry  
  84  7:32  Sentry x2  
  84  7:35  Gateway  
  90  7:37  Gateway  
  90  7:41  Gateway  
  90  7:56  Stalker x2  
  90  7:57  Stalker  
  96  8:09  Probe  
  96  8:10  Probe x2  
  96  8:11  Pylon  
  99  8:13  Pylon  
  99  8:22  Stalker x3  
  105  8:32  Stalker x2  
  105  8:38  Stalker  
Show
View Real Time Build Order
Export as new Build Order

Zoun Protoss 

Build Orders:  

Get SALT Encoding   

  12  0:00  Probe  
  13  0:12  Probe  
  14  0:16  Pylon  
  14  0:24  Probe (Chrono Boost)  
  16  0:36  Probe (Chrono Boost)  
  16  0:38  Gateway  
  16  0:42  Probe (Chrono Boost)  
  16  0:47  Assimilator  
  17  0:51  Probe  
  18  1:03  Forge  
  18  1:36  Photon Cannon  
  18  1:44  Cybernetics Core  
  17  1:55  Pylon  
  13  2:08  Probe (Chrono Boost)  
  14  2:18  Probe (Chrono Boost)  
  15  2:23  Probe (Chrono Boost)  
  16  2:31  Adept (Chrono Boost)  
  16  2:35  Probe  
  19  2:48  Probe  
  20  2:54  Pylon, Assimilator  
  20  3:00  Probe  
  20  3:05  Stalker  
  23  3:15  Pylon  
  23  3:20  Probe  
  23  3:26  Pylon  
  23  3:32  Probe (Chrono Boost)  
  24  3:42  Warp Gate (Chrono Boost)  
  24  3:44  Probe (Chrono Boost)  
  24  3:46  Gateway  
  25  3:53  Probe (Chrono Boost)  
  26  3:57  Gateway  
  26  4:05  Probe  
  27  4:15  Nexus  
  27  4:25  Twilight Council  
  28  4:36  Stalker  
  29  4:40  Pylon  
  29  4:47  Stalker  
  31  4:59  Probe  
  32  5:02  Dark Shrine  
  32  5:10  Blink  
  32  5:16  Probe (Chrono Boost)  
  33  5:25  Pylon  
  32  5:28  Probe (Chrono Boost)  
  32  5:30  Probe (Chrono Boost)  
  32  5:35  Stalker  
  35  5:39  Probe (Chrono Boost)  
  35  5:41  Probe (Chrono Boost)  
  37  5:43  Protoss Ground Weapons Level 1 (Chrono Boost)  
  37  5:50  Probe  
  37  5:53  Probe  
  39  6:02  Probe  
  40  6:05  Probe  
  41  6:14  Dark Templar  
  41  6:17  Probe (Chrono Boost)  
  45  6:18  Probe (Chrono Boost)  
  45  6:23  Dark Templar  
  47  6:29  Probe (Chrono Boost)  
  49  6:34  Probe (Chrono Boost)  
  49  6:36  Probe (Chrono Boost)  
  50  6:41  Probe  
  50  6:44  Probe  
  50  6:45  Nexus  
  52  6:50  Pylon  
  52  6:53  Probe  
  53  6:56  Probe  
  53  6:58  Assimilator  
  52  7:05  Probe, Stalker  
  52  7:06  Stalker  
  55  7:10  Probe, Pylon  
  56  7:17  Probe  
  56  7:22  Gateway  
  57  7:23  Gateway  
  57  7:25  Probe  
  57  7:29  Probe  
  59  7:30  Shield Battery  
  59  7:32  Stalker  
  59  7:36  Stalker  
  63  7:43  Robotics Facility  
  63  7:45  Shield Battery  
  63  7:46  Probe  
  63  7:48  Probe  
  65  7:58  Stalker  
  65  8:00  Stalker  
  65  8:02  Probe (Chrono Boost)  
  65  8:03  Probe (Chrono Boost)  
  65  8:05  Probe (Chrono Boost)  
  72  8:14  Probe x2 (Chrono Boost)  
  72  8:15  Probe (Chrono Boost)  
  72  8:17  Stalker x2  
  77  8:20  Probe  
  77  8:21  Probe  
  77  8:23  Dark Templar  
  81  8:31  Stalker  
Tags
 
Add a new tag
Caveats
  • Supply blocks, unpowered buildings, or Contaminate may cause inaccurate times.
  • Supply counts are checked every 10 seconds.